 Dungeon Crawl Stone Soup version 0.20-a0-351-gc9b4002 (webtiles) character file.

163 siimphh the Shield-Bearer (level 5, -5/33 HPs)
             Began as a Gargoyle Fighter on Dec 26, 2016.
             Was an Initiate of Okawaru.
             Slain by a two-headed ogre
             ... wielding a +0 giant spiked club
              (13 damage)
             ... on level 2 of the Dungeon.
             The game lasted 00:16:59 (2496 turns).

siimphh the Shield-Bearer (Gargoyle Fighter)        Turns: 2496, Time: 00:17:00

Health: -5/33      AC: 15    Str: 20    XL:     5   Next: 44%
Magic:  5/5        EV:  7    Int: 10    God:    Okawaru [......]
Gold:   104        SH:  9    Dex: 10    Spells: 4/4 levels left

rFire  + . .     SeeInvis .     a - +0 flail
rCold  . . .     Gourm    .     m - +4 scale mail
rNeg   + . .     Faith    .     c - +0 shield
rPois  ∞         Spirit   .     (no helmet)
rElec  +         Reflect  .     (no cloak)
rCorr  .         Harm     .     (no gloves)
MR     .....                    (no boots)
Stlth  ..........               (no amulet)
                                p - ring of protection from fire
                                j - +2 ring of intelligence

@: flying (expiring)
A: negative energy resistance 1, electricity resistance, unbreathing,
petrification resistance, rot immunity, AC +4
a: Renounce Religion


You were on level 2 of the Dungeon.
You worshipped Okawaru.
Okawaru was noncommittal.
You were hungry.

You visited 1 branch of the dungeon, and saw 3 of its levels.

You collected 104 gold pieces.

Inventory:

Hand Weapons
 a - a +0 flail (weapon)
Armour
 b - a +0 chain mail
 c - a +0 shield (worn)
 m - a +4 scale mail (worn)
Jewellery
 d - an uncursed ring of teleportation
 j - a +2 ring of intelligence (left hand)
 l - an uncursed ring of fire
 p - a ring of protection from fire (right hand)
Scrolls
 e - a scroll of remove curse
 i - 2 scrolls of amnesia
Comestibles
 f - 2 bread rations
 g - a chunk of flesh
 k - 3 slices of pizza


   Skills:
 + Level 4.0 Fighting
 + Level 3.4 Maces & Flails
 + Level 4.1 Armour
 + Level 0.2 Dodging
 + Level 0.5 Stealth
 + Level 4.3 Shields


You had 4 spell levels left.
You didn't know any spells.

Dungeon Overview and Level Annotations

Branches:
Dungeon (3/15)

Altars:
Cheibriados
Kikubaaqudgha
Makhleb
Nemelex Xobeh
Okawaru
Uskayaw
Vehumet


Innate Abilities, Weirdness & Mutations

You are resistant to torment.
Your stone body is resilient. (AC +4)
You are immune to poison.
You resist negative energy. (rN+)
You are resistant to electric shocks. (rElec)
You can survive without breathing.
You are immune to petrification.
You are immune to rotting.


Message History

It was a potion of curing.
You feel better. You block the two-headed ogre's attack.
The two-headed ogre hits you with a giant club.
Your scale mail prevents you from hitting the two-headed ogre.
The two-headed ogre hits you but does no damage.
You block the two-headed ogre's attack.
You hit the two-headed ogre but do no damage.
You block the two-headed ogre's attack.
The two-headed ogre hits you but does no damage.
You hit the two-headed ogre.
The two-headed ogre is lightly wounded.
The two-headed ogre hits you with a giant spiked club!!
Ouch! That really hurt!
* * * LOW HITPOINT WARNING * * *
The two-headed ogre hits you but does no damage.
Okay, then.
You are starting to lose your buoyancy.
There is a stone staircase leading down here.
The two-headed ogre hits you with a giant spiked club!
You die...

#.#........... #.#...........
#.#........... #.#...........
########### #.#...........
..........# #.#.>.........
#########.# #.#...........
.....)..#.##########.#....<......
#######........O@....############
.# #...#######################
.## #...#......................
..#####...#.#####################
_...........# #.............#
....#####...# #.###########.###
._..........# #................
....######..#####................
_...# #......#................


You could see a two-headed ogre.

Vanquished Creatures
  An orc priest (D:3)
  Terence (D:2)
  4 adders
  A worm (D:3)
  A dart slug (D:1)
  3 leopard geckos
  7 orcs (D:3)
  4 giant cockroaches
  5 goblins
  5 hobgoblins
  9 kobolds
  A ball python (D:3)
  6 bats
  3 frilled lizards
  9 rats
60 creatures vanquished.

Notes
Turn   | Place    | Note
-------+----------+-------------------------------------------
     0 | D:1      | siimphh the Gargoyle Fighter began the quest for the Orb.
     0 | D:1      | Reached XP level 1. HP: 14/14 MP: 1/1
    87 | D:1      | Reached XP level 2. HP: 19/19 MP: 2/2
   737 | D:2      | Found a sparkling altar of Nemelex Xobeh.
   738 | D:2      | Found a hide-covered altar of Uskayaw.
   738 | D:2      | Found an iron altar of Okawaru.
   740 | D:2      | Found a burning altar of Makhleb.
   740 | D:2      | Found an ancient bone altar of Kikubaaqudgha.
   742 | D:2      | Found a radiant altar of Vehumet.
   743 | D:2      | Found a snail-covered altar of Cheibriados.
   763 | D:2      | Became a worshipper of Warmaster Okawaru
   889 | D:2      | Reached XP level 3. HP: 24/24 MP: 3/3
  1293 | D:2      | Noticed Terence
  1309 | D:2      | Killed Terence
  1309 | D:2      | Reached XP level 4. HP: 8/29 MP: 4/4
  2032 | D:3      | Reached XP level 5. HP: 17/33 MP: 5/5
  2325 | D:3      | Noticed a two-headed ogre
  2496 | D:2      | Slain by a two-headed ogre

Vault maps used:
D:1:      co_arrival_random_square_maze, hangedman_feature_mirror
D:2:      grunt_temple_overflow_open, uniq_terence

Skill      XL: |  1  2  3  4  5 |
---------------+----------------+-----
Shields        | 4 |  4.3
Maces & Flails | 3 |  3.4
Fighting       | 4 |  4.0
Armour         | 4 |  4.1
Dodging        | |  0.2
Stealth        | |  0.5

Action                   |  1- 3 |  4- 6 || total
-------------------------+-------+-------++-------
Melee: Flail             |   170 |   121 ||   291
  Use: Potion            |     1 |     5 ||     6
       Scroll            |       |     4 ||     4
  Eat: Chunk             |     2 |     3 ||     5
Armor: Scale mail        |    36 |     5 ||    41
       Chain mail        |    93 |   100 ||   193
Dodge: Dodged            |    56 |    37 ||    93
Block: Shield            |   107 |   124 ||   231
